 Dungeon Crawl Stone Soup version 0.30.0-20-g3615ddf2f0 (webtiles) character file.

Game seed: 6230680343046151614

95 qw the Chopper (level 4, -2/28 HPs)
             Began as a Gargoyle Fighter on June 1, 2023.
             Killed from afar by Ijyb (12 damage)
             ... with a bolt of dispelling energy
             ... on level 3 of the Dungeon.
             The game lasted 00:00:46 (1672 turns).

qw the Chopper (Gargoyle Fighter)                   Turns: 1672, Time: 00:00:47

Health: -2/28      AC: 10    Str: 22    XL:     4   Next: 65%
Magic:  4/4        EV:  9    Int:  8    God:
Gold:   80         SH:  4    Dex:  9    Spells: 3/3 levels left

rFire   . . .        Y - +1 war axe
rCold   . . .        c - +0 buckler
rNeg    + . .        b - +0 scale mail
rPois   inf          (no helmet)
rElec   +            (no cloak)
rCorr   .            (no gloves)
SInv    .            (no boots)
Will    .....        a - amulet of the acrobat Stlth
                     (no ring)
HPRegen 0.24/turn    (no ring)
MPRegen 0.09/turn

%: acrobat
@: no status effects
A: sickness immunity, AC +3, negative energy resistance 1, electricity
resistance, torment resistance 1, petrification resistance
a: no special abilities


You were on level 3 of the Dungeon.
You visited 1 branch of the dungeon, and saw 3 of its levels.

You collected 80 gold pieces.


Innate Abilities, Weirdness & Mutations

You are immune to sickness and miasma.
Your stone body is resilient. (AC +3)
You are immune to poison.
You resist negative energy. (rN+)
You are resistant to electric shocks. (rElec)
You are resistant to unholy torment.
You are immune to petrification.


   Skills:
 - Level 3.2 Fighting
 + Level 4.3 Axes
 - Level 3.2 Armour
 - Level 3.2 Shields


You had 3 spell levels left.
You didn't know any spells.
Your spell library was empty.

Inventory:

Hand Weapons
 j - a +0 mace
 Y - a +1 war axe (weapon)
Armour
 b - a +0 scale mail (worn)
 c - a +0 buckler (worn)
 k - a +0 helmet
Jewellery
 a - an amulet of the acrobat (around neck)
Scrolls
 e - a scroll of amnesia {unknown}
 f - a scroll of identify
Potions
 d - a potion of might
 g - a potion of brilliance {unknown}
 h - a potion of curing {unknown}
 i - a potion of haste {unknown}

Dungeon Overview and Level Annotations

Branches:
Dungeon (3/15)

Altars:

Shops:
D:1 (

Annotations:
D:3 Ijyb


Message History

The adder is almost dead.
The adder bites you but does no damage. You block the adder's attack.
You slash the adder!
You kill the adder!
You start resting.
Ijyb is nearby!
You slash Ijyb!
Ijyb is moderately wounded.
Ijyb hits you with a +2 dagger of venom.
Ijyb hits you but does no damage.
You completely miss Ijyb.
Ijyb is moderately wounded.
Ijyb zaps a wand.
The bolt of dispelling energy hits you!
You hit Ijyb but do no damage.
Ijyb is moderately wounded.
Ijyb hits you but does no damage.
You hit Ijyb but do no damage.
Ijyb is moderately wounded.
You block Ijyb's attack.
Ijyb hits you with a +2 dagger of venom.
You hit Ijyb.
Ijyb is heavily wounded.
You block Ijyb's attack.
You closely miss Ijyb.
Ijyb is heavily wounded.
Ijyb hits you but does no damage.
You closely miss Ijyb.
Ijyb is heavily wounded.
Ijyb hits you with a +2 dagger of venom.
Ijyb closely misses you.
You hit Ijyb.
Ijyb is heavily wounded.
Ijyb closely misses you.
You closely miss Ijyb.
Ijyb is heavily wounded.
Ijyb hits you but does no damage.
You closely miss Ijyb.
Ijyb is heavily wounded.
Ijyb zaps a wand.
The bolt of dispelling energy hits you!
You die...

#......# #.# # #......#
#.#####.# #......#
#.#.....#
#......####.....#
#......+......#.#
#......####.#.#.# #.
..#.####..%.%.#...# .)
. #......#..#######.#
.#.#
#.>..g@..##....[.#....#
+.....#####.####.#.....
###### #........##
#.##.##.... #........##
###...#.... ###...# ###
###.....# #.....#.#


You could see Ijyb.

Vanquished Creatures
  Jessica (D:2)
  Robin (D:3)
  An adder (D:3)
  2 bats
  5 endoplasms
  5 giant cockroaches
  7 goblins
  12 hobgoblins
  A quokka (D:2)
  3 ball pythons
  3 kobolds
  2 rats (D:1)
43 creatures vanquished.

Notes
Turn   | Place    | Note
-------+----------+-------------------------------------------
     0 | D:1      | qw the Gargoyle Fighter began the quest for the Orb.
     0 | D:1      | Reached XP level 1. HP: 14/14 MP: 1/1
     0 | D:1      | 0 ||| qw: Version: 0.2-a-102-gfc559e5
     0 | D:1      | 0 ||| qw: Game counter: 665
     0 | D:1      | 0 ||| qw: Always use a shield: true
     0 | D:1      | 0 ||| qw: God list: Okawaru
     0 | D:1      | 0 ||| qw: Allow faded altars: false
     0 | D:1      | 0 ||| qw: Do Orc after D:15 true
     0 | D:1      | 0 ||| qw: Do second Lair branch before Depths: true
     0 | D:1      | 0 ||| qw: Lair rune preference: random
     0 | D:1      | 0 ||| qw: Plans: Normal, Zot:1-4, Slime:5, God:TSO, Crypt,
                  | Tomb, Pan, Hells, Abyss, Win
     0 | D:1      | 0 ||| PLANNING D:1-11
   107 | D:1      | Reached skill level 2 in Axes
   173 | D:1      | Reached XP level 2. HP: 19/19 MP: 2/2
   298 | D:1      | Found Hikuavejef's Weapon Boutique.
   306 | D:1      | 306 ||| SHOPLISTING +0 mace (30 gold, have 0).
   306 | D:1      | 306 ||| SHOPLISTING +1 war axe of freezing (133 gold, have
                  | 0).
   546 | D:1      | 546 ||| READING scroll labelled MIUXKU SUL SUI.
   557 | D:1      | 557 ||| READING 2 scrolls labelled DUTEOMI BABRA.
   558 | D:1      | 558 ||| READING scroll labelled ADWOZO DUURYA.
   710 | D:2      | 710 ||| Stepping ~*~*~tactically~*~*~ (stealth).
   889 | D:2      | 889 ||| Stepping ~*~*~tactically~*~*~ (hiding).
   893 | D:2      | Reached skill level 3 in Axes
   901 | D:2      | Reached XP level 3. HP: 23/23 MP: 3/3
   919 | D:2      | 919 ||| Stepping ~*~*~tactically~*~*~ (stealth).
   923 | D:2      | 923 ||| Stepping ~*~*~tactically~*~*~ (stealth).
  1097 | D:2      | Noticed Jessica
  1098 | D:2      | 1098 ||| Stepping ~*~*~tactically~*~*~ (hiding).
  1099 | D:2      | 1099 ||| Stepping ~*~*~tactically~*~*~ (hiding).
  1103 | D:2      | Killed Jessica
  1121 | D:2      | 1121 ||| DROPPING +0 club.
  1390 | D:2      | 1390 ||| UPGRADING to amulet of the acrobat.
  1437 | D:3      | Reached XP level 4. HP: 28/28 MP: 4/4
  1437 | D:3      | Noticed Robin
  1449 | D:3      | Killed Robin
  1450 | D:3      | Reached skill level 4 in Axes
  1527 | D:3      | 1527 ||| Stepping ~*~*~tactically~*~*~ (stealth).
  1528 | D:3      | 1528 ||| Stepping ~*~*~tactically~*~*~ (stealth).
  1644 | D:3      | Noticed Ijyb
  1645 | D:3      | 1645 ||| Stepping ~*~*~tactically~*~*~ (hiding).
  1672 | D:3      | Killed from afar by Ijyb

Levels and vault maps discovered:
D:1:      eino_arrival_cavern_b, layout_basic, serial_shops, shop
D:2:      layout_basic, kennysheep_generic_room_13, uniq_jessica
D:3:      layout_basic, gammafunk_temple_overflow_elements, serial_shops,
          nicolae_diamond_shop, uniq_ijyb, uniq_robin

Skill      XL: |  1  2  3  4 |
---------------+-------------+-----
Axes           | 2 3 4 |  4.3
Fighting       | |  3.2
Armour         | |  3.2
Shields        | |  3.2

Action                     |  1- 3 |  4- 6 || total
---------------------------+-------+-------++-------
  Melee: War axe           |    65 |    76 ||   141
    Use: Scroll            |     3 |       ||     3
 Armour: Scale mail        |    26 |    38 ||    64
  Dodge: Dodged            |    16 |    33 ||    49
  Block: Buckler           |    14 |    11 ||    25

Table legend:
 A = Non-vault XP
 B = Vault XP
 C = Vault XP percentage of total XP
 D = Non-vault monster count
 E = Vault monster count
 F = Vault count percentage of total count
                 A         B        C        D         E       F
            +---------+---------+-------+---------+---------+-------
      Total |      62 |      74 |  54.4 |      29 |      14 |  32.6
            +---------+---------+-------+---------+---------+-------
        D:1 |      16 |       0 |   0.0 |      10 |       0 |   0.0
        D:2 |      22 |      41 |  65.1 |      12 |       3 |  20.0
        D:3 |      24 |      33 |  57.9 |       7 |      11 |  61.1
            +---------+---------+-------+---------+---------+-------
